 Dungeon Crawl Stone Soup version 0.29-a0-25-g7f48f510a0 (webtiles) character file.

Game seed: 4350881506870482985

43 Nattfarinn the Grave Robber (level 3, -7/28 HPs)
             Began as a Deep Dwarf Necromancer on Jan 31, 2022.
             Mangled by a gnoll (11 damage)
             ... on level 2 of the Dungeon.
             The game lasted 00:02:02 (1119 turns).

Nattfarinn the Grave Robber (DDNe)                  Turns: 1119, Time: 00:02:02

Health: -7/28      AC:  3    Str: 11    XL:     3   Next: 37%
Magic:  3/7        EV: 12    Int: 17    God:
Gold:   75         SH:  0    Dex: 13    Spells: 6/7 levels left

rFire   . . .      SeeInvis +   k - +0 falchion
rCold   . . .      Faith    .   (no shield)
rNeg    . . .      Spirit   .   a - +0 robe
rPois   .          Reflect  .   h - +0 helmet
rElec   .          Harm     .   (no cloak)
rCorr   .          Rampage  .   (no gloves)
Will    .....                   (no boots)
Stlth   ++........              (no amulet)
HPRegen 0.00/turn               f - ring of see invisible
MPRegen 0.10/turn               (no ring)

@: no status effects
A: damage resistance, heal wounds, sense surroundings 1, no regeneration
a: Heal Wounds


You were on level 2 of the Dungeon.
You visited 1 branch of the dungeon, and saw 2 of its levels.

You collected 75 gold pieces.

Inventory:

Hand Weapons
 k - a +0 falchion (weapon)
Armour
 a - a +0 robe (worn)
 h - a +0 helmet (worn)
Jewellery
 f - a ring of see invisible (left hand)
Scrolls
 c - a scroll of immolation {unknown}
 e - a scroll of fear {unknown}
 j - a scroll of amnesia {unknown}
 l - a scroll of noise {unknown}
 m - 2 scrolls of identify {unknown}
Potions
 b - a potion of resistance {unknown}
 d - a potion of curing {unknown}
 g - a potion of lignification {unknown}
 i - a potion of attraction {unknown}


   Skills:
 - Level 2.1 Dodging
 - Level 2.4 Stealth
 * Level 2.9 Spellcasting
 + Level 4.8 Necromancy


You had 6 spell levels left.
You knew the following spells:

 Your Spells              Type           Power      Damage    Failure   Level
a - Pain                  Necr           72%        1d7       2%          1

Your spell library contained the following spells:

 Spells                   Type           Power      Damage    Failure   Level
 Animate Skeleton         Necr           36%        N/A       2%          1
 Vampiric Draining        Necr           18%        2d7       7%          3
 Freeze                   Ice            8%         1d3       19%         1
 Animate Dead             Necr           9%         N/A       24%         4
 Frozen Ramparts          Ice            4%         1d2       47%         3
 Agony                    Necr           18%        N/A       54%         5
 Hailstorm                Conj/Ice       2%         3d3       87%         4


Dungeon Overview and Level Annotations

Branches:
Dungeon (2/15)

Altars:


Innate Abilities, Weirdness & Mutations

You are resistant to damage.
You can heal yourself by infusing magical energy.
You passively map a small area around you.
You do not regenerate.


Message History

You closely miss the quokka.
The quokka is almost dead.
The quokka bites you. The quokka barely misses you.
You barely miss the quokka.
The quokka is almost dead.
The quokka completely misses you. The quokka closely misses you.
You hit the quokka.
You kill the quokka!
You hit the rat but do no damage. The rat barely misses you.
You barely miss the rat.
The rat bites you but does no damage. x2
You hit the rat.
The rat is heavily wounded.
The rat bites you.
You closely miss the rat.
The rat is heavily wounded.
The rat barely misses you.
You hit the rat.
You kill the rat!
The gnoll hits you with a +0 flail!
You slash the gnoll!
The gnoll is heavily wounded.
The gnoll barely misses you.
You hit the gnoll but do no damage.
The gnoll is heavily wounded.
The gnoll barely misses you.
You hit the gnoll but do no damage.
The gnoll is heavily wounded.
The gnoll hits you with a +0 flail!
You hit the gnoll.
The gnoll is almost dead.
The gnoll hits you with a +0 flail!
* * * LOW HITPOINT WARNING * * *
The gnoll closely misses you.
You closely miss the gnoll.
The gnoll is almost dead.
The gnoll misses you.
You barely miss the gnoll.
The gnoll is almost dead.
The gnoll hits you with a +0 flail!
You die...

...# .#.# .#.#.#
.....#
.###############
...............#
..###..##.##.#.#
#.#.......##.#.#####
#.#.#.†##.......@g.#
#.#.#..##.##.#.###.#
* #......##.##.#.# *
.. ,
###.##.........# ,
## , ... ..#########
, .## ..#* , , , .8.
* , , , , * , , ,, ,
,


You could see a gnoll.

Vanquished Creatures
  A gnoll (D:2)
  A worm (D:2)
  2 ball pythons (D:1)
  3 endoplasms (D:1)
  5 giant cockroaches (D:1)
  A goblin (D:1)
  5 hobgoblins
  2 kobolds (D:2)
  A quokka (D:2)
  A bat (D:1)
  A frilled lizard (D:1)
  2 rats (D:2)
25 creatures vanquished.

Vanquished Creatures (others)
  13 plants (D:2)
  4 toadstools (D:1)
17 creatures vanquished.

Grand Total: 42 creatures vanquished

Notes
Turn   | Place    | Note
-------+----------+-------------------------------------------
     0 | D:1      | Nattfarinn the Deep Dwarf Necromancer began the quest for
                  | the Orb.
     0 | D:1      | Reached XP level 1. HP: 15/15 MP: 3/3
   289 | D:1      | Reached XP level 2. HP: 22/22 MP: 0/5
  1016 | D:2      | Reached XP level 3. HP: 28/28 MP: 0/7
  1119 | D:2      | Mangled by a gnoll

Illustrated notes

Levels and vault maps discovered:
D:1:      ldierk_walled_garden_2, layout_basic
D:2:      layout_loops_cross, grunt_ministairs_2, minivault_5,
          nicolae_grassy_gnolls

Skill      XL: |  1 |
---------------+----+-----
Spellcasting   | 2 |  2.9
Dodging        | |  2.1
Stealth        | |  2.4
Necromancy     | |  4.8

Action                   || total
-------------------------++-------
Melee: Unarmed           ||     1
       Falchion          ||    20
 Cast: Pain              ||    55
Armor: Robe              ||     2
Dodge: Dodged            ||    15

Table legend: (Time is in decaauts)
 A = Elapsed time spent in this place.
 B = Non-inter-level travel time spent in this place.
 C = Inter-level travel time spent in this place.
 D = Time resting spent in this place.
 E = Time spent auto-exploring this place.
 F = Levels seen in this place.
 G = Mean time per level.
                   A        B        C        D        E       F      G
               +--------+--------+--------+--------+--------+-----+--------+
         Total |   1125 |   1108 |     17 |      0 |    936 |   2 |  562.5 |
       Dungeon |   1125 |   1108 |     17 |      0 |    936 |   2 |  562.5 |
               +--------+--------+--------+--------+--------+-----+--------+

Top non-repeatable levels by time:
     D:1: 800 daAuts
     D:2: 324 daAuts
